 Dungeon Crawl Stone Soup version 0.30-a0-1102-g2dbb833546 (webtiles) character file.

Game seed: 10985341830014470980

81 KristoblXynda the Slasher (level 4, -2/38 HPs)
             Began as a Draconian Gladiator on Apr 18, 2023.
             Killed from afar by an orc wizard (4 damage)
             ... with a magic dart
             ... on level 3 of the Dungeon.
             The game lasted 00:01:48 (2080 turns).

KristoblXynda the Slasher (Draconian Gladiator)     Turns: 2080, Time: 00:01:49

Health: -2/38      AC:  7    Str: 16    XL:     4   Next: 20%
Magic:  4/4        EV: 13    Int: 10    God:
Gold:   96         SH:  0    Dex: 13    Spells: 3/3 levels left

rFire   . . .      SeeInvis .    a - +0 long sword
rCold   . . .      Faith    .    (no shield)
rNeg    . . .      Spirit   .    (body armour unavailable)
rPois   +          Reflect  .    b - +0 hat
rElec   .          Rampage  .    h - +1 cloak
rCorr   .                        (no gloves)
Will    .....                    (no boots)
Stlth   +                        (no amulet)
HPRegen 0.26/turn                f - ring of poison resistance
MPRegen 0.09/turn                (no ring)

@: no status effects
A: AC +5, unfitting armour, cold-blooded
a: no special abilities


You were on level 3 of the Dungeon.
You visited 1 branch of the dungeon, and saw 3 of its levels.

You collected 96 gold pieces.

Inventory:

Hand Weapons
 a - a +0 long sword (weapon)
Missiles
 c - 3 throwing nets (quivered)
 d - a javelin
Armour
 b - a +0 hat (worn)
 h - a +1 cloak (worn)
 k - an orb of energy
Jewellery
 f - a ring of poison resistance (left hand)
 l - a ring of positive energy
Scrolls
 g - 2 scrolls of identify {unknown}
 i - 3 scrolls of immolation {unknown}
Potions
 e - a potion of invisibility {unknown}
 j - a potion of flight {unknown}
 m - 2 potions of curing {unknown}
 n - 2 potions of might {unknown}


   Skills:
 + Level 3.0 Fighting
 * Level 3.9 Long Blades
 - Level 2.2 Throwing
 + Level 3.2 Dodging


You had 3 spell levels left.
You didn't know any spells.
Your spell library was empty.

Dungeon Overview and Level Annotations

Branches:
Dungeon (3/15)

Altars:
The Shining One


Innate Abilities, Weirdness & Mutations

Your plain brown scales are hard. (AC +5)
You cannot fit into any form of body armour.
You are cold-blooded and may be slowed by cold attacks.


Message History

The orc wizard is almost dead.
The hobgoblin closely misses you.
The orc wizard points at you and mumbles some strange words.
You resist with some effort.
You closely miss the orc wizard.
The orc wizard is almost dead.
The hobgoblin hits you but does no damage.
The orc wizard barely misses you.
You closely miss the orc wizard.
The orc wizard is almost dead.
The orc wizard barely misses you. The hobgoblin closely misses you.
You hit the hobgoblin. You tail-slap the hobgoblin.
You kill the hobgoblin!
The orc wizard points at you and mumbles some strange words.
You are confused.
The orc wizard gestures at you while chanting.
The puff of flame hits you!
The orc wizard gestures at you while chanting.
The magic dart hits you. The orc wizard casts a spell at you.
The magic dart hits you!
* * * LOW HITPOINT WARNING * * *
You see here 2 fuming dark potions.
You're too confused to move!
The orc wizard hits you but does no damage.
The orc wizard barely misses you.
You see here a hobgoblin corpse.
You feel less confused. The orc wizard casts a spell at you.
The magic dart hits you!
* * * LOW HITPOINT WARNING * * *
The orc shouts!
You hit the orc wizard but do no damage.
Your tail-slap misses the orc wizard.
The orc wizard is almost dead.
You hear an angry hiss.
The orc wizard hits you but does no damage.
The orc wizard gestures at you while chanting.
The magic dart hits you.
You die...

################
###............... .
####...############..
#.##..†......#########.#
#....###................
#.....$.................
..####.......?.......#..
. ###..[...............
#...@o.......<..###..
#..##!)......... ...#
#..#)†...?..... ..#..
#.......>.......##.#..
..<........[..... . ...
#...^......o...... ...
.................. ...
.......)......... ...
.................


You could see an orc wizard and an orc.

Vanquished Creatures
  An adder (D:2)
  A worm (D:2)
  A dart slug (D:3)
  4 orcs (D:3)
  7 endoplasms
  2 giant cockroaches
  6 goblins
  4 hobgoblins
  3 jackals (D:1)
  3 kobolds
  6 quokkas
  3 ball pythons
  3 bats
  7 frilled lizards
  7 rats
58 creatures vanquished.

Notes
Turn   | Place    | Note
-------+----------+-------------------------------------------
     0 | D:1      | KristoblXynda the Draconian Gladiator began the quest for
                  | the Orb.
     0 | D:1      | Reached XP level 1. HP: 17/17 MP: 1/1
   154 | D:1      | Reached XP level 2. HP: 25/25 MP: 2/2
   229 | D:1      | Found a faded altar of an unknown god.
   490 | D:1      | Reached XP level 3. HP: 30/30 MP: 3/3
  1210 | D:2      | Found a glowing golden altar of the Shining One.
  2003 | D:3      | Reached XP level 4. HP: 37/37 MP: 4/4
  2080 | D:3      | Killed from afar by an orc wizard

Illustrated notes

Levels and vault maps discovered:
D:1:      dpeg_arrival_prison, layout_basic, basic_ecumenical_altar,
          grunt_decor_mini_mirrors, chequers_serial_rivers_micro_b, hex_tiny
D:2:      layout_basic, basic_altar
D:3:      layout_rooms, lightli_temple_of_fire, item_on_display_a

Skill      XL: |  1  2  3  4 |
---------------+-------------+-----
Throwing       | 2 |  2.2
Dodging        | 3 |  3.2
Fighting       | 3 |  3.0
Long Blades    | |  3.9

Action                     |  1- 3 |  4- 6 || total
---------------------------+-------+-------++-------
  Melee: Long sword        |   158 |    27 ||   185
         Tailslap          |    18 |     3 ||    21
         Punch             |     1 |     1 ||     2
    Use: Scroll            |     1 |       ||     1
   Stab: Sleeping          |     1 |     1 ||     2
 Armour: Skin              |    41 |    20 ||    61
  Dodge: Dodged            |   106 |    33 ||   139

Table legend: (Time is in decaauts)
 A = Elapsed time spent in this place.
 B = Non-inter-level travel time spent in this place.
 C = Inter-level travel time spent in this place.
 D = Time resting spent in this place.
 E = Time spent auto-exploring this place.
 F = Levels seen in this place.
 G = Mean time per level.
                   A        B        C        D        E       F      G
               +--------+--------+--------+--------+--------+-----+--------+
         Total |   2124 |   2076 |     48 |     60 |   1611 |   3 |  708.0 |
       Dungeon |   2124 |   2076 |     48 |     60 |   1611 |   3 |  708.0 |
               +--------+--------+--------+--------+--------+-----+--------+

Top non-repeatable levels by time:
     D:1: 1134 daAuts
     D:2: 880 daAuts
     D:3: 109 daAuts
